 Dungeon Crawl Stone Soup version 0.32-a0-422-g28b100f618 (webtiles) character file.

Game seed: 11990680037222265391

347 sanka the Apothecary (level 6, -4/41 HPs)
             Began as a Coglin Alchemist on Feb 21, 2024.
             Was a Priest of Uskayaw.
             Slain by a gnoll
             ... wielding a +0 spear
              (7 damage)
             ... on level 4 of the Dungeon.
             The game lasted 00:06:05 (2408 turns).

sanka the Apothecary (Coglin Alchemist)             Turns: 2408, Time: 00:06:06

Health: -4/41      AC:  2    Str: 11    XL:     6   Next: 59%
Magic:  9/9        EV: 12    Int: 14    God:    Uskayaw [***...]
Gold:   74         SH:  0    Dex: 14    Spells: 4/9 levels left

rFire   . . .        f - +0 sling {Vusi}
rCold   . . .        e - +0 sling {Nindada}
rNeg    . . .        a - +0 robe
rPois   .            (no helmet)
rElec   .            (no cloak)
rCorr   .            (no gloves)
SInv    .            (no boots)
Will    .....        (no amulet)
Stlth   ++           (no ring)
HPRegen 0.26/turn    l - +4 ring of slaying
MPRegen 0.11/turn

%: no passive effects
@: immotile, revved
A: off-hand wielding, slow wielding, warmup strikes, legs shutdown
a: Renounce Religion, Stomp, Line Pass


You were on level 4 of the Dungeon.
You worshipped Uskayaw.
Uskayaw was noncommittal.
You visited 1 branch of the dungeon, and saw 4 of its levels.

You collected 74 gold pieces.


Innate Abilities, Weirdness & Mutations

You can wield a second weapon in your off-hand.
It takes a long time for you to wield or remove held weapons.
Your first few attacks do less damage.
Attacking and casting redirects power from your legs.


   Skills:
 + Level 3.8 Ranged Weapons
 - Level 1.7 Dodging
 - Level 1.5 Stealth
 - Level 2.0 Spellcasting
 - Level 1.0 Conjurations
 - Level 6.0 Alchemy


You had 4 spell levels left.
You knew the following spells:

 Your Spells              Type           Power      Damage    Failure   Level
z - Sting                 Conj/Alch      44%        1d5       5%          1
X - Olgreb's Toxic Radia  Alch           18%        N/A       21%         4

Your spell library contained the following spells:

 Spells                   Type           Power      Damage    Failure   Level
 Mercury Vapours          Alch/Air       18%        N/A       11%         2
 Mephitic Cloud           Conj/Alch/Air  7%         N/A       26%         3
 Sticky Flame             Fire/Alch      9%         2d5       56%         4

Inventory:

Hand Weapons
 d - a +0 dagger {Xiang}
 e - a +0 sling (offhand) {Nindada}
 f - a +0 sling (weapon) {Vusi}
Armour
 a - a +0 robe (worn)
 o - a +0 helmet
Magical Staves
 n - a staff of earth
Jewellery
 l - a +4 ring of slaying (right grasper)
Talismans
 j - a blade talisman
Scrolls
 c - 2 scrolls of revelation {unknown}
 g - a scroll of fear {unknown}
 h - 3 scrolls of identify {unknown}
 i - a scroll of silence {unknown}
 k - a scroll of amnesia {unknown}
 p - a scroll of blinking
 q - 2 scrolls of teleportation {unknown}
 r - 2 scrolls of immolation {unknown}
Potions
 b - a potion of magic
 m - a potion of heal wounds {unknown}

Dungeon Overview and Level Annotations

Branches:
Dungeon (4/15)
 Temple: D:4-7

Altars:
Elyvilon
Gozag
Qazlal
Uskayaw

Shops:
D:3 [

Portals:
Abyss: D:3

Annotations:
D:3 2 transporters, Nebesus's ghost, amateur AtFi

▒▒▒▒▒▒
▒▒.....▒▒
▒▒........
▒........$
▒........(
▒.).).....
...▒▒▒.).).....
......†gog.....
$..▒▒▒.....K...
▒▒?.......
▒▒.......
▒▒▒▒.▒. ▒


You could see a gnoll, an orc and a kobold.


Message History

The sling bullet hits the gnoll.
The gnoll is lightly wounded.
You shoot a sling bullet.
The sling bullet barely misses the gnoll.
The sling bullet hits the orc!
You kill the orc!
The orc barely misses you. The gnoll barely misses you.
The gnoll hits you from afar with a +0 spear.
* * * LOW HITPOINT WARNING * * *
You shoot a sling bullet. The sling bullet hits the gnoll!
The gnoll is severely wounded.
You shoot a sling bullet. The sling bullet hits the gnoll.
You kill the gnoll!
The gnoll hits you from afar with a +0 spear.
* * * LOW HITPOINT WARNING * * *
The orc completely misses you.
Uskayaw prepares the audience for your solo!
You shoot a sling bullet.
The sling bullet hits the orc but does no damage.
You shoot a sling bullet.
The sling bullet hits the orc but does no damage.
The kobold is no longer paralysed.
The gnoll is no longer paralysed.
The orc is no longer paralysed.
The gnoll hits you from afar with a +0 spear!
You die...
Your body falls in perfect tune with the rhythm.

Action                     |  1- 3 |  4- 6 || total
---------------------------+-------+-------++-------
  Melee: Unarmed           |    11 |       ||    11
   Fire: Sling             |    76 |   178 ||   254
   Cast: Sting             |     8 |       ||     8
 Armour: Robe              |     6 |    25 ||    31
  Dodge: Dodged            |     8 |    12 ||    20

Levels and vault maps discovered:
D:1:      scummos_arrival_gate, layout_loops_cross
D:2:      layout_rooms, basic_altar, uniq_robin, uniq_natasha, uniq_jessica
D:3:      layout_basic, minitemple, gammafunk_ghost_abyssal_escape,
          nicolae_ecumenical_pavilion, serial_shops, shop, minmay_misc_feat_iff,
          chequers_serial_rivers_room_b, hex_large
D:4:      layout_rooms, uniq_pikel, uniq_sigmund, uniq_duvessa

Notes
Turn   | Place    | Note
-------+----------+-------------------------------------------
     0 | D:1      | sanka the Coglin Alchemist began the quest for the Orb.
     0 | D:1      | Reached XP level 1. HP: 13/13 MP: 3/3
    34 | D:1      | Reached skill level 1 in Conjurations
    84 | D:1      | Reached skill level 2 in Spellcasting
   111 | D:1      | Reached XP level 2. HP: 7/19 MP: 0/5
   299 | D:1      | Reached skill level 4 in Alchemy
   636 | D:1      | Reached XP level 3. HP: 24/24 MP: 6/6
   900 | D:2      | Reached skill level 5 in Alchemy
   951 | D:2      | Reached XP level 4. HP: 30/30 MP: 7/7
   958 | D:2      | Noticed Jessica
   962 | D:2      | Killed Jessica
   995 | D:2      | Noticed Natasha
  1001 | D:2      | Killed Natasha
  1002 | D:2      | Reached skill level 6 in Alchemy
  1002 | D:2      | Reached XP level 5. HP: 24/35 MP: 8/8
  1041 | D:2      | Noticed Robin
  1050 | D:2      | Reached skill level 1 in Ranged Weapons
  1051 | D:2      | Killed Robin
  1152 | D:2      | Found an opulent altar of Gozag.
  1172 | D:2      | Reached skill level 2 in Ranged Weapons
  1301 | D:2      | Noticed Natasha
  1306 | D:2      | Killed Natasha
  1307 | D:2      | Reached XP level 6. HP: 41/41 MP: 9/9
  1338 | D:2      | Noticed Natasha
  1343 | D:2      | Killed Natasha
  1344 | D:2      | Reached skill level 3 in Ranged Weapons
  1372 | D:2      | Learned a level 4 spell: Olgreb's Toxic Radiance
  1384 | D:3      | Found a faded altar of an unknown god.
  1573 | D:3      | Found a stormy altar of Qazlal.
  1574 | D:3      | Found a hide-covered altar of Uskayaw.
  1577 | D:3      | Found a white marble altar of Elyvilon.
  1582 | D:3      | Became a worshipper of Uskayaw the Reveller
  1712 | D:3      | Reached * piety under Uskayaw
  1958 | D:3      | Found Adydwiag's Armour Shop.
  2001 | D:3      | Found a transporter.
  2013 | D:3      | Found a one-way gate to the infinite horrors of the Abyss.
  2013 | D:3      | Noticed Nebesus's ghost (amateur AtFi)
  2013 | D:3      | Noticed a small abomination
  2029 | D:3      | Found a transporter.
  2401 | D:4      | Reached ** piety under Uskayaw
  2407 | D:4      | HP: 2/41 [gnoll/+0 spear (5)]
  2407 | D:4      | Reached *** piety under Uskayaw
  2408 | D:4      | Slain by a gnoll

Vanquished Creatures
  A sleepcap (D:3)
  Jessica (D:2)
  Natasha (thrice) (D:2)
  Robin (D:2)
  7 gnolls
  An adder (D:2)
  3 dart slugs
  3 orcs
  8 ball pythons
  2 bats
  7 endoplasms
  A giant cockroach (D:3)
  13 goblins
  6 hobgoblins
  4 kobolds
  4 quokkas
  2 frilled lizards
  7 rats
74 creatures vanquished.
